 Dungeon Crawl Stone Soup version 0.26-a0-812-g31a745ddcd (webtiles) character file.

Game seed: 13209646126637807788

1366 CypherZel the Changer (level 8, -1/57 HPs)
             Began as an Octopode Transmuter on Nov 16, 2020.
             Was an Initiate of Cheibriados.
             Succumbed to a gnoll sergeant's poison
             ... on level 4 of the Dungeon.
             The game lasted 00:43:04 (10113 turns).

CypherZel the Changer (Octopode Transmuter)        Turns: 10113, Time: 00:43:05

Health: -1/57      AC:  2    Str: 10    XL:     8   Next: 65%
Magic:  14/17      EV: 20    Int: 19    God:    Cheibriados [......]
Gold:   291        SH:  0    Dex: 18    Spells: 5/20 levels left

rFire    . . .     SeeInvis .     - Unarmed
rCold    . . .     Faith    .   (shield currently unavailable)
rNeg     . . .     Spirit   .   (helmet currently unavailable)
rPois    x         Reflect  .   (no amulet)
rElec    .         Harm     .   (no ring)
rCorr    .         Rampage  .   (no ring)
MR       .....                  (no ring)
Stlth    ++........             (no ring)
HPRegen  0.19/turn              (no ring)
MPRegen  0.15/turn              (no ring)
                                (no ring)
                                (no ring)

@: lethally poisoned (-1 -> -64), spider-form, very slow
A: tiny, almost no armour, stealthy swim, (amphibious), 8 rings, (constrict 8),
robust 1
a: End Transformation, Bend Time, Renounce Religion


You were on level 4 of the Dungeon.
You worshipped Cheibriados.
Cheibriados was noncommittal.
You were a venomous arachnid creature.
You visited 1 branch of the dungeon, and saw 7 of its levels.
You also visited: Sewer.

You collected 291 gold pieces.

Inventory:

Missiles
 e - 230 stones (quivered)
 k - 17 poisoned darts
Jewellery
 d - an uncursed ring of teleportation
Wands
 a - a wand of iceblast (2)
 n - a wand of paralysis (5)
 q - a wand of flame (11)
 s - a wand of polymorph (11)
Scrolls
 m - 2 scrolls of remove curse
 o - a scroll of teleportation
 p - a scroll of enchant weapon {unknown}
 r - a scroll of enchant armour {unknown}
Potions
 b - a potion of degeneration
 c - 3 potions of attraction
 h - a potion of mutation
 i - 2 potions of curing {unknown}
 j - a potion of lignification {unknown}
 l - a potion of flight {unknown}


   Skills:
 - Level 3.0 Fighting
 - Level 2.1 Dodging
 - Level 3.3 Unarmed Combat
 + Level 6.6 Spellcasting
 + Level 7.1 Transmutations


You had 5 spell levels left.
You knew the following spells:

 Your Spells              Type           Power        Failure   Level
a - Beastly Appendage     Tmut           ####..       3%          1
b - Wereblood             Tmut           ####....     4%          2
c - Spider Form           Tmut/Pois      ###.......   21%         3
d - Blade Hands           Tmut           ####......   34%         5
e - Ice Form              Ice/Tmut       ###.....     45%         4

Your spell library contained the following spells:

 Spells                   Type           Power        Failure   Level


Dungeon Overview and Level Annotations

Branches:
Dungeon (7/15)              Sewer (visited)
 Temple: D:4-7

Altars:
Cheibriados
Dithmenos
Hepliaklqana
Okawaru
Qazlal
Wu Jian
Xom

Annotations:
D:5 exclusions: gnoll and 2 more exclusions
D:6 exclusions: orc, orc warrior and 2 worker ants
D:7 exclusion: scorpion


Innate Abilities, Weirdness & Mutations

You cannot wear most types of armour.
You are very stealthy in the water. (Stealth+)
((You are amphibious.))
You can wear up to eight rings at the same time.
((You can use your tentacles to constrict eight enemies at once.))
((Your skin changes colour to match your surroundings (Stealth+).))
((Your rubbery body absorbs attacks. (AC +1, EV +1)))
((One of your tentacles bears a spike.))
((You are partially covered in thin metallic scales. (AC +2)))
You are robust. (+10% HP)


Message History

You feel very sick.
The gnoll sergeant hits you with a +2 spear of venom.
You are more poisoned.
You hit the gnoll sergeant.
The gnoll sergeant looks even sicker.
The gnoll sergeant is moderately wounded.
* * * LOW HITPOINT WARNING * * *
You feel very sick.
The gnoll sergeant hits you with a +2 spear of venom.
* * * LOW HITPOINT WARNING * * *
You hit the gnoll sergeant but do no damage.
The gnoll sergeant looks as sick as possible!
The gnoll sergeant is moderately wounded.
* * * LOW HITPOINT WARNING * * *
You feel very sick.
The gnoll sergeant hits you but does no damage.
It was a potion of mutation.
You feel extremely strange.
Thin metallic scales grow over part of your body.
You feel robust.
One of your lower tentacles grows a sharp spike.
You die...

###########........#
#..................# ########
#######.###........# #......#
#....# #........# ##.####.#
#.##.###........# #...# #.#
#.##...'........# ###...# #.#
#.####.#........###<#...# #.##
#.# #.#....g...#.......###...
#.# ##....###s................
#.# #...............#...###...
#.# #........................)
#.###...............##..###...
#.................).........#.
#####.........#.##.########.#.
#.........#.##.# #.#.
#........##.##.########.#.
###########.##........#.#.


You could see a gnoll sergeant (extremely poisoned).

Vanquished Creatures
  A water moccasin (Sewer)
  An ice beast (D:5)
  2 phantoms
  4 ogres
  A jelly (D:5)
  3 orc priests
  A gnoll shaman (D:5)
  3 hounds
  An orc wizard (D:3)
  2 iguanas
  A worker ant (D:4)
  A worker ant zombie (D:6)
  Robin (D:3)
  7 adders
  10 gnolls
  A white imp (D:5)
  An adder skeleton (D:4)
  2 worms (D:3)
  4 leopard geckos
  9 orcs
  7 bats
  4 giant cockroaches
  18 goblins
  9 hobgoblins
  4 jackals
  12 kobolds
  2 quokkas
  2 ball pythons
  7 frilled lizards
  A giant cockroach zombie (D:5)
  A quokka skeleton (D:4)
  11 rats
134 creatures vanquished.

Notes
Turn   | Place    | Note
-------+----------+-------------------------------------------
     0 | D:1      | CypherZel the Octopode Transmuter began the quest for the
                  | Orb.
     0 | D:1      | Reached XP level 1. HP: 13/13 MP: 3/3
    97 | D:1      | Reached XP level 2. HP: 18/18 MP: 3/5
   880 | D:1      | Reached XP level 3. HP: 21/24 MP: 4/6
  1260 | D:2      | You fall into a shaft and drop 1 floor!
  1892 | D:2      | Reached XP level 4. HP: 14/31 MP: 7/7
  2335 | D:2      | Found a shadowy altar of Dithmenos.
  2952 | D:3      | Noticed Robin
  3172 | D:3      | Killed Robin
  3172 | D:3      | Reached skill level 3 in Transmutations
  3172 | D:3      | Reached XP level 5. HP: 26/36 MP: 9/9
  3509 | D:2      | Learned a level 2 spell: Wereblood
  3513 | D:2      | Learned a level 3 spell: Spider Form
  4851 | D:3      | Reached XP level 6. HP: 27/42 MP: 11/11
  5029 | D:3      | Learned a level 5 spell: Blade Hands
  5426 | D:4      | Reached skill level 4 in Transmutations
  5459 | D:4      | Found an iron altar of Okawaru.
  5490 | D:4      | Found a glowing drain.
  5608 | Sewer    | Entered a sewer
  5693 | Sewer    | Noticed a water moccasin
  5790 | Sewer    | Killed a water moccasin
  6223 | D:4      | Noticed a phantom
  6438 | D:4      | Found a shimmering altar of Xom.
  6537 | D:4      | Reached XP level 7. HP: 28/46 MP: 13/13
  6711 | D:4      | You fall into a shaft and drop 3 floors!
  7066 | D:6      | Learned a level 4 spell: Ice Form
  7087 | D:5      | Entered Level 5 of the Dungeon
  7161 | D:4      | Reached skill level 5 in Transmutations
  7263 | D:4      | Found a hazy altar of Hepliaklqana.
  7356 | D:4      | Reached skill level 5 in Spellcasting
  7588 | D:5      | Found a stormy altar of Qazlal.
  7959 | D:5      | Found a snail-covered altar of Cheibriados.
  7967 | D:5      | Became a worshipper of Cheibriados the Contemplative
  8418 | D:5      | Found an ornate altar of the Wu Jian Council.
  8493 | D:5      | Reached XP level 8. HP: 33/52 MP: 9/16
  8800 | D:5      | Reached skill level 6 in Transmutations
 10009 | D:4      | Reached skill level 7 in Transmutations
 10113 | D:4      | Gained mutation: You are partially covered in thin metallic
                  | scales. (AC +2) [potion of mutation]
 10113 | D:4      | Gained mutation: You are robust. (+10% HP) [potion of
                  | mutation]
 10113 | D:4      | Gained mutation: One of your tentacles bears a spike.
                  | [potion of mutation]
 10113 | D:4      | Succumbed to a gnoll sergeant's poison

Illustrated notes

Levels and vault maps discovered:
D:1:      lemuel_arrival_rhombus, layout_basic
D:2:      layout_rooms, grunt_dithmenos_smoke_and_mirrors,
          kennysheep_generic_room_13
D:3:      layout_basic, uniq_robin
D:4:      layout_basic, kennysheep_little_box, xom_butterflies,
          okawaru_gym_becter, portal_sewer_entry_d
D:5:      layout_cave_pools, old_standard_altar, nicolae_overflow_crystal_walls,
          old_standard_altar, cheibriados_altar_1, serial_gnoll_camp,
          gnoll_camp_mini_hut, gnoll_camp_huts_moat, gnoll_camp_mini_basic,
          gnoll_camp_medium_02, gnoll_camp_mini_hut, gnoll_camp_mini_hut,
          chequers_serial_rivers_small_b, minmay_puff
D:6:      layout_basic, temple_green
D:7:      layout_basic, st_stairs_4, uniq_maggie

Skill      XL: |  1  2  3  4  5  6  7  8 |
---------------+-------------------------+-----
Fighting       | 2 3 |  3.0
Transmutations | 3 4 5 7 |  7.1
Spellcasting   | 3 4 5 6 |  6.6
Dodging        | |  2.1
Unarmed Combat | |  3.3

Action                   |  1- 3 |  4- 6 |  7- 9 || total
-------------------------+-------+-------+-------++-------
Melee: Unarmed           |    98 |   159 |   206 ||   463
       Constrict         |    27 |    39 |    16 ||    82
       Kick              |    17 |    29 |    23 ||    69
       Tentacles         |    12 |    23 |     9 ||    44
       Punch             |     1 |     1 |     3 ||     5
Throw: Stone             |     2 |     6 |     7 ||    15
 Cast: Beastly Appendage |    32 |    41 |    16 ||    89
       Wereblood         |       |     2 |       ||     2
       Spider Form       |       |       |    18 ||    18
Evoke: Wand              |       |       |     5 ||     5
  Use: Scroll            |     5 |     8 |       ||    13
       Potion            |       |     5 |     4 ||     9
 Stab: Sleeping          |     4 |     3 |       ||     7
       Paralysed         |       |       |     3 ||     3
Armor: Skin              |     9 |     8 |     5 ||    22
Dodge: Dodged            |    66 |    98 |   139 ||   303

Table legend: (Time is in decaauts)
 A = Elapsed time spent in this place.
 B = Non-inter-level travel time spent in this place.
 C = Inter-level travel time spent in this place.
 D = Time resting spent in this place.
 E = Time spent auto-exploring this place.
 F = Levels seen in this place.
 G = Mean time per level.
                   A        B        C        D        E       F      G
               +--------+--------+--------+--------+--------+-----+--------+
         Total |  10277 |   9971 |    306 |   4213 |   2415 |   8 | 1284.6 |
       Dungeon |   9823 |   9517 |    306 |   3951 |   2369 |   7 | 1403.3 |
         Sewer |    454 |    454 |      0 |    262 |     46 |   1 |  454.0 |
               +--------+--------+--------+--------+--------+-----+--------+

Top non-repeatable levels by time:
     D:3: 2486 daAuts
     D:5: 2130 daAuts
     D:2: 1962 daAuts
     D:4: 1689 daAuts
     D:1: 1178 daAuts
   Sewer: 454 daAuts
     D:6: 195 daAuts
     D:7: 179 daAuts
